 Dungeon Crawl Stone Soup version 0.23.2-1-ga50397a (webtiles) character file.

Game seed: 8350767067355521002

32 funkygono the Digger (level 3, -1/19 HPs)
             Began as a Gargoyle Earth Elementalist on May 2, 2019.
             Slain by a goblin
             ... wielding a +0 dagger
              (2 damage)
             ... on level 1 of the Dungeon.
             The game lasted 00:02:22 (692 turns).

funkygono the Digger (Gargoyle Earth Elementalist)   Turns: 692, Time: 00:02:23

Health: -1/19      AC:  5    Str: 11    XL:     3   Next: 25%
Magic:  1/6        EV: 12    Int: 16    God:
Gold:   16         SH:  0    Dex: 10    Spells: 2/6 levels left

rFire    . . .     SeeInvis .   l - +0 whip
rCold    . . .     Gourm    .   (no shield)
rNeg     + . .     Faith    .   c - +0 robe
rPois    ∞         Spirit   .   (no helmet)
rElec    +         Reflect  .   (no cloak)
rCorr    .         Harm     .   (no gloves)
MR       .....                  (no boots)
Stlth    ++........             (no amulet)
HPRegen  0.06/turn              (no ring)
MPRegen  0.10/turn              (no ring)

@: no status effects
A: negative energy resistance 1, electricity resistance, unbreathing,
petrification resistance, rot immunity, AC +3
a: no special abilities


You were on level 1 of the Dungeon.
You were not hungry.

You visited 1 branch of the dungeon, and saw 1 of its levels.

You collected 16 gold pieces.

Inventory:

Hand Weapons
 e - a +0 club
 l - a +0 whip (weapon)
Missiles
 b - 19 stones (quivered)
Armour
 c - a +0 robe (worn)
Scrolls
 i - 3 scrolls of identify {unknown}
Potions
 a - a potion of heal wounds {unknown}
 f - a potion of degeneration {unknown}
 g - a potion of invisibility {unknown}
 h - a potion of curing {unknown}
 k - a potion of ambrosia {unknown}
Comestibles
 d - a ration
 j - 3 chunks of flesh


   Skills:
 + Level 1.7 Dodging
 + Level 2.3 Stealth
 * Level 2.4 Spellcasting
   Level 0.7 Transmutations
 * Level 4.6 Earth Magic


You had 2 spell levels left.
You knew the following spells:

 Your Spells              Type           Power        Failure   Level  Hunger
a - Sandblast             Erth           ###...       3%          1    #......
b - Stone Arrow           Conj/Erth      #.....       22%         3    ###....

Your spell library contained the following spells:

 Spells                   Type           Power        Failure   Level  Hunger
 Passwall                 Tmut/Erth      ##......     10%         2    ###....
 Petrify                  Tmut/Erth      ##......     54%         4    #####..
 Lee's Rapid Deconstruct  Erth           ###.......   63%         5    ######.


Dungeon Overview and Level Annotations

Branches:
Dungeon (1/15)

Altars:


Innate Abilities, Weirdness & Mutations

You are resistant to torment.
Your stone body is resilient. (AC +3)
You are immune to poison.
You resist negative energy. (rN+)
You are resistant to electric shocks. (rElec)
You can survive without breathing.
You are immune to petrification.
You are immune to rotting.


Message History

The fungus is severely damaged.
b - 21 stones The goblin barely misses you.
Casting: Sandblast (safe; 3% risk of failure)
Confirm with . or Enter, or press ? or * to list all spells.
Aiming: Sandblast (safe; 3% risk of failure)
Press: ? - help, Shift-Dir - straight line, f/p - goblin
Aim: a goblin, wielding a +0 dagger, wearing a +0 chain mail and wearing a +3 ring of evasion (unusually strong)
The blast of sand hits the goblin but does no damage.
b - 20 stones The goblin misses you.
Casting: Sandblast (safe; 3% risk of failure)
Confirm with . or Enter, or press ? or * to list all spells.
Aiming: Sandblast (safe; 3% risk of failure)
Press: ? - help, Shift-Dir - straight line, f/p - goblin
Aim: a goblin, wielding a +0 dagger, wearing a +0 chain mail and wearing a +3 ring of evasion (unusually strong)
The blast of sand hits the goblin but does no damage.
b - 19 stones The goblin hits you with a +0 dagger.
You die...

######### #########
........####........ .
...........'........
..##########.###........
.......###..............
.......PP#.#÷###.#......
#....$$$P#.#.###.#......
#...P$g@(..#.....#.#'###
####P$$$P####.####.#.##


#PPPP.# #....#.#..## ##.#### #.##.#...... #.# #..#.###.÷## #.########'#........
#.................#. ####..............#. #............).## You could see a
goblin.

Vanquished Creatures
  An ooze (D:1)
  2 leopard geckos (D:1)
  2 bats (D:1)
  3 giant cockroaches (D:1)
  3 goblins (D:1)
  A hobgoblin (D:1)
  4 jackals (D:1)
  3 kobolds (D:1)
  2 rats (D:1)
  A fungus (D:1)
22 creatures vanquished.

Vanquished Creatures (others)
  A fungus (D:1)
  4 toadstools (D:1)
5 creatures vanquished.

Grand Total: 27 creatures vanquished

Notes
Turn   | Place    | Note
-------+----------+-------------------------------------------
     0 | D:1      | funkygono the Gargoyle Earth Elementalist began the quest
                  | for the Orb.
     0 | D:1      | Reached XP level 1. HP: 10/10 MP: 3/3
   170 | D:1      | Reached skill level 4 in Earth Magic
   170 | D:1      | Reached XP level 2. HP: 15/15 MP: 3/5
   503 | D:1      | Reached XP level 3. HP: 19/19 MP: 2/6
   508 | D:1      | Learned a level 3 spell: Stone Arrow
   692 | D:1      | Slain by a goblin

Skill      XL: |  1 |
---------------+----+-----
Earth Magic    | 4 |  4.6
Dodging        | |  1.7
Stealth        | |  2.3
Spellcasting   | |  2.4
Transmutations | |  0.7

Action                   || total
-------------------------++-------
Melee: Unarmed           ||    20
       Club              ||     8
       Whip              ||    31
 Cast: Sandblast         ||    32
Armor: Robe              ||    16
Dodge: Dodged            ||    33
